 Dungeon Crawl Stone Soup version 0.27-a0-334-g52645efa06 (webtiles) character file.

Game seed: 10759976534719016351

95 Lanoc the Chucker (level 4, -1/35 HPs)
             Began as a Merfolk Hunter on Feb 13, 2021.
             Killed from afar by an orc wizard (9 damage)
             ... with a puff of flame
             ... on level 3 of the Dungeon.
             The game lasted 00:01:36 (739 turns).

Lanoc the Chucker (Merfolk Hunter)                   Turns: 739, Time: 00:01:37

Health: -1/35      AC:  3    Str: 12    XL:     4   Next: 65%
Magic:  4/4        EV: 18    Int: 10    God:
Gold:   53         SH:  0    Dex: 21    Spells: 3/3 levels left

rFire    . . .     SeeInvis .   a - +0 short sword
rCold    . . .     Faith    .   (no shield)
rNeg     . . .     Spirit   .   b - +0 leather armour
rPois    .         Reflect  .   (no helmet)
rElec    .         Harm     .   (no cloak)
rCorr    .         Rampage  .   (no gloves)
Will     .....                  (boots currently unavailable)
Stlth    +++.......             (no amulet)
HPRegen  0.11/turn              h - +6 ring of dexterity
MPRegen  0.09/turn              (no ring)

@: very quick
A: change form in water, swift swim, stealthy swim
a: no special abilities


You were on level 3 of the Dungeon.
You visited 1 branch of the dungeon, and saw 3 of its levels.

You collected 53 gold pieces.

Inventory:

Hand Weapons
 a - a +0 short sword (weapon)
Missiles
 d - a throwing net (quivered)
 f - 15 poisoned darts
Armour
 b - a +0 leather armour (worn)
Jewellery
 h - a +6 ring of dexterity (left hand)
Scrolls
 e - a scroll of enchant weapon {unknown}
 g - a scroll of noise {unknown}
 i - a scroll of amnesia {unknown}
 l - a scroll of identify {unknown}
 n - a scroll of immolation {unknown}
Potions
 j - a potion of lignification {unknown}
 k - 2 potions of resistance {unknown}
 m - a potion of curing {unknown}


   Skills:
 + Level 3.4 Fighting
 + Level 4.7 Throwing
 + Level 4.1 Dodging
 - Level 1.1 Stealth


You had 3 spell levels left.
You didn't know any spells.
Your spell library was empty.

Dungeon Overview and Level Annotations

Branches:
Dungeon (3/15)

Altars:
Kikubaaqudgha


Message History

Something hits you but does no damage.
The goblin shoots a stone.
The stone hits you but does no damage.
You are too injured to fight recklessly!
You hit the orc priest.
The orc priest is almost dead.
The orc priest looks satisfied for a moment.
The orc priest struggles against the net.
Something hits you but does no damage.
The goblin shoots a stone.
The stone hits you.
You hit the orc priest.
You kill the orc priest!
Something hits you but does no damage.
The goblin shoots a stone.
The stone barely misses you.
You hear some strange, mumbled words.
Something tries to affect you, but you resist.
Your Dodging skill increases to level 4!
You hit something but do no damage. Something closely misses you.
You hit something.
You hear some strange, mumbled words.
A puff of flame appears from out of thin air!
The puff of flame misses you.
You barely miss something. Something hits you.
The goblin shoots a stone.
The stone misses you.
Your legs become a tail as you enter the water.
Something hits you but does no damage.
Found a stone staircase leading up.
You hit the goblin.
You kill the goblin!
You hear a splash. x3
Something hits you.
You miss something. You tail-slap something. Something barely misses you.
Something hits you.
You hit something.
Your tail-slap misses something.
Something barely misses you.
You closely miss something. Something hits you.
* * * LOW HITPOINT WARNING * * *
You hear some strange, mumbled words.
A puff of flame appears from out of thin air!
The puff of flame hits you!
You die...

....# #.#.#..#
.##.# #.#.##.#
###.# #.#. #.#
....# #.#. #.##
.. ....##
#.#.##..####.....
.....#
#.#.#....$.......
.....# #.#
#.#..####....
.....# #.#
#.##.).....(.
##...# #.# #.
#{@)≈≈.⌠.. #...#
#.# #.#..≈≈≈≈...#
#...# #.#
..#.)≈≈≈≈..##
#...###.#
###.≈≈≈≈≈≈.#
##......#
......≈...#
########
#......≈...#
...(....≈_.#
#<....##....#


There were no monsters in sight!

Vanquished Creatures
  An orc priest (D:3)
  4 adders
  A dart slug (D:1)
  An orc (D:3)
  A giant cockroach (D:3)
  3 goblins
  3 hobgoblins
  4 jackals (D:2)
  A quokka (D:3)
  3 bats
  A frilled lizard (D:3)
  2 kobolds
  2 rats
27 creatures vanquished.

Notes
Turn   | Place    | Note
-------+----------+-------------------------------------------
     0 | D:1      | Lanoc the Merfolk Hunter began the quest for the Orb.
     0 | D:1      | Reached XP level 1. HP: 16/16 MP: 1/1
   121 | D:1      | Reached XP level 2. HP: 20/23 MP: 2/2
   457 | D:2      | Reached XP level 3. HP: 28/28 MP: 3/3
   719 | D:3      | Found an ancient bone altar of Kikubaaqudgha.
   722 | D:3      | Reached XP level 4. HP: 31/35 MP: 4/4
   739 | D:3      | Killed from afar by an orc wizard

Illustrated notes

Levels and vault maps discovered:
D:1:      dpeg_arrival_more_subterranean_lakeside_camping, layout_rooms
D:2:      layout_loops_ring, lemuel_zombie_altar_yredelemnul,
          chequers_serial_rivers_room_b, st_stairs_7, grunt_ministairs_12
D:3:      layout_basic, kiku_gazebo_pond_becter, uniq_sigmund, uniq_natasha,
          uniq_terence

Skill      XL: |  1  2  3  4 |
---------------+-------------+-----
Dodging        | 3 4 |  4.1
Fighting       | 3 |  3.4
Throwing       | |  4.7
Stealth        | |  1.1

Action                   |  1- 3 |  4- 6 || total
-------------------------+-------+-------++-------
Melee: Short sword       |    84 |    12 ||    96
       Tailslap          |       |     1 ||     1
Throw: Javelin           |    10 |     4 ||    14
       Throwing net      |       |     1 ||     1
Armor: Leather armour    |    21 |     6 ||    27
Dodge: Dodged            |    86 |     9 ||    95

Table legend: (Time is in decaauts)
 A = Elapsed time spent in this place.
 B = Non-inter-level travel time spent in this place.
 C = Inter-level travel time spent in this place.
 D = Time resting spent in this place.
 E = Time spent auto-exploring this place.
 F = Levels seen in this place.
 G = Mean time per level.
                   A        B        C        D        E       F      G
               +--------+--------+--------+--------+--------+-----+--------+
         Total |    748 |    726 |     22 |      0 |    505 |   3 |  249.3 |
       Dungeon |    748 |    726 |     22 |      0 |    505 |   3 |  249.3 |
               +--------+--------+--------+--------+--------+-----+--------+

Top non-repeatable levels by time:
     D:2: 317 daAuts
     D:3: 223 daAuts
     D:1: 207 daAuts
